 Dungeon Crawl Stone Soup version 0.31-a0-1118-gbca3d03946 (webtiles) character file.

Game seed: 7559060562529955979

847 senseless the Trooper (level 7, -4/64 HPs)
             Began as a Minotaur Fighter on Dec 4, 2023.
             Was an Initiate of the Shining One.
             Slain by an ogre
             ... wielding a +0 giant club
              (10 damage)
             ... on level 5 of the Dungeon.
             The game lasted 00:06:10 (3437 turns).

senseless the Trooper (Minotaur Fighter)            Turns: 3437, Time: 00:06:10

Health: -4/64      AC:  8    Str: 22    XL:     7   Next: 68%
Magic:  6/6        EV:  9    Int:  5    God:    the Shining One [......]
Gold:   120        SH:  5    Dex: 10    Spells: 6/6 levels left

rFire   . . .        a - +1 war axe
rCold   . . .        c - +0 buckler
rNeg    . . .        b - +0 scale mail
rPois   .            (helmet restricted)
rElec   .            (no cloak)
rCorr   .            q - +0 pair of gloves
SInv    .            (no boots)
Will    .....        (no amulet) Stlth
                     (no ring)
HPRegen 0.30/turn    (no ring)
MPRegen 0.10/turn

%: no passive effects
@: glowing
A: horns 2, retaliatory headbutt
a: Renounce Religion


You were on level 5 of the Dungeon.
You worshipped the Shining One.
The Shining One was noncommittal.
You visited 2 branches of the dungeon, and saw 6 of its levels.

You collected 290 gold pieces.
You spent 170 gold pieces at shops.

Inventory:

Hand Weapons
 a - a +1 war axe (weapon)
Missiles
 k - 6 poisoned darts (quivered)
Armour
 b - a +0 scale mail (worn)
 c - a +0 buckler (worn)
 q - a +0 pair of gloves (worn)
Scrolls
 i - a scroll of enchant weapon
 r - a scroll of teleportation
Potions
 e - a potion of berserk rage
 f - a potion of lignification
 g - a potion of mutation
 h - a potion of ambrosia
 j - a potion of enlightenment
 l - 2 potions of brilliance
 m - a potion of invisibility
 n - a potion of cancellation
 o - 2 potions of resistance
 p - 2 potions of curing
 s - a potion of attraction


   Skills:
 + Level 6.3 Fighting
 + Level 5.7 Axes
 + Level 6.3 Armour
 + Level 6.3 Shields


You had 6 spell levels left.
You didn't know any spells.
Your spell library contained the following spells:

 Spells                   Type           Power      Damage    Failure   Level
 Magic Dart               Conj           0%         1d3       83%         1
 Slow                     Hex            0%         N/A       83%         1
 Summon Small Mammal      Summ           0%         N/A       83%         1
 Call Imp                 Summ           0%         N/A       93%         2
 Call Canine Familiar     Summ           0%         N/A       99%         3
 Confusing Touch          Hex            0%         N/A       99%         3
 Ignite Poison            Fire/Tmut/Pois 0%         N/A       99%         3
 Mephitic Cloud           Conj/Pois/Air  0%         N/A       99%         3
 Sigil of Binding         Hex            0%         N/A       99%         3
 Summon Guardian Golem    Hex/Summ       0%         N/A       99%         3
 Vampiric Draining        Necr           0%         2d6       99%         3
 Dimensional Bullseye     Hex/Tloc       0%         N/A       100%        4
 Leda's Liquefaction      Hex/Erth       0%         N/A       100%        4
 Sticky Flame             Conj/Fire      0%         2d3       100%        4
 Ignition                 Fire           0%         3d3       100%        8


Dungeon Overview and Level Annotations

Branches:
Dungeon (5/15)             Temple (1/1) D:4

Altars:
Ashenzari
Elyvilon
Fedhas
Gozag
Kikubaaqudgha
Nemelex Xobeh
Okawaru
Qazlal
Ru
Uskayaw
Vehumet
Wu Jian
Xom
Zin
The Shining One

Shops:
D:3 ?


Innate Abilities, Weirdness & Mutations

You have a pair of horns on your head.
You reflexively headbutt those who attack you in melee.


Message History

The ogre is lightly wounded.
The ogre hits you with a +0 giant club!
You are too injured to fight recklessly!
You are too injured to fight recklessly!
You are too injured to fight recklessly!
You are too injured to fight recklessly!
You are too injured to fight recklessly!
You are too injured to fight recklessly!
You are too injured to fight recklessly!
You are too injured to fight recklessly!
You are too injured to fight recklessly!
You are too injured to fight recklessly!
You are too injured to fight recklessly!
You are too injured to fight recklessly!
You are too injured to fight recklessly!
You are too injured to fight recklessly!
You are too injured to fight recklessly!
You are too injured to fight recklessly!
You are too injured to fight recklessly!
You barely miss the ogre.
The ogre is lightly wounded.
The ogre hits you with a +0 giant club!
* * * LOW HITPOINT WARNING * * *
You slash the ogre! You headbutt the ogre.
The ogre is heavily wounded.
The ogre hits you with a +0 giant club.
* * * LOW HITPOINT WARNING * * *
You hit the ogre.
The ogre is severely wounded.
The ogre hits you but does no damage.
You slash the ogre!
You headbutt the ogre, but do no damage.
The ogre is almost dead.
You hit the ogre.
The ogre is almost dead.
The ogre closely misses you.
You hit the ogre but do no damage.
The ogre is almost dead.
The ogre hits you with a +0 giant club!
You die...

##.###.###.##...
....
...(...........#.
.#.##.###.###.###.##
....................
.
..........#########
... ..............#
....###)...........#
.>..?..............#
#.O@...........#
#..............#
#.........######
#.............#
#......#......#
#......#......#
#......#.....[#
#......#......#
#......#......#


You could see an ogre.

Vanquished Creatures
  Pikel (D:5)
  A black bear (D:5)
  A phantom (D:4)
  A hound (D:4)
  2 iguanas (D:4)
  3 gnolls (D:4)
  5 adders
  5 dart slugs (D:2)
  An orc (D:2)
  4 ball pythons
  6 endoplasms
  2 giant cockroaches (D:4)
  4 goblins
  10 hobgoblins
  9 jackals (D:2)
  6 kobolds
  4 quokkas
  2 bats
  3 frilled lizards
  5 rats
75 creatures vanquished.

Notes
Turn   | Place    | Note
-------+----------+-------------------------------------------
     0 | D:1      | senseless the Minotaur Fighter began the quest for the Orb.
     0 | D:1      | Reached XP level 1. HP: 19/19 MP: 0/0
   286 | D:1      | Reached XP level 2. HP: 24/27 MP: 1/1
   657 | D:2      | Reached XP level 3. HP: 33/33 MP: 2/2
  1051 | D:2      | Reached XP level 4. HP: 41/41 MP: 3/3
  1778 | D:3      | Found Tecefou's Magic Scroll Shoppe.
  1789 | D:3      | Bought 2 scrolls of identify for 40 gold pieces
  1789 | D:3      | Bought a scroll of identify for 20 gold pieces
  1789 | D:3      | Bought a scroll of identify for 20 gold pieces
  1789 | D:3      | Bought 2 scrolls of identify for 40 gold pieces
  1789 | D:3      | Bought a scroll of teleportation for 30 gold pieces
  1789 | D:3      | Bought a scroll of identify for 20 gold pieces
  2051 | D:3      | Found an ornate altar of the Wu Jian Council.
  2548 | D:4      | Found a staircase to the Ecumenical Temple.
  2563 | Temple   | Entered the Ecumenical Temple
  2579 | Temple   | Became a worshipper of the Shining One
  2613 | D:4      | Reached XP level 5. HP: 45/47 MP: 4/4
  2845 | D:4      | Noticed a phantom
  2854 | D:4      | Killed a phantom
  2855 | D:4      | Reached skill level 5 in Fighting
  2855 | D:4      | Reached skill level 5 in Armour
  2855 | D:4      | Reached skill level 5 in Shields
  2872 | D:4      | Reached XP level 6. HP: 56/56 MP: 5/5
  3074 | D:5      | Entered Level 5 of the Dungeon
  3124 | D:5      | Found an ancient bone altar of Kikubaaqudgha.
  3146 | D:5      | Noticed Pikel
  3323 | D:5      | Killed Pikel
  3324 | D:5      | Reached skill level 5 in Axes
  3324 | D:5      | Reached XP level 7. HP: 63/63 MP: 6/6
  3437 | D:5      | Slain by an ogre

Illustrated notes

Levels and vault maps discovered:
D:1:      dpeg_arrival_oval, layout_basic, kennysheep_decorative_pillar
D:2:      minmay_angry_zag, layout_basic, grunt_decor_arrowhead,
          minmay_quantized
D:3:      layout_basic, lemuel_crystal_altar, serial_shops, shop
D:4:      layout_cave_pools, minmay_temple_entry_slanted
D:5:      layout_basic, mainiacjoe_overflow_brackets, kb_lookout_dungeons_type,
          nicolae_concentric_dashed_squares_mild, uniq_pikel
Temple:   oiseaux_autumnal_temple

Skill      XL: |  1  2  3  4  5  6 |
---------------+-------------------+-----
Fighting       | 4 5 6 |  6.3
Armour         | 4 5 6 |  6.3
Shields        | 4 5 6 |  6.3
Axes           | 3 4 5 |  5.7

Action                     |  1- 3 |  4- 6 |  7- 9 || total
---------------------------+-------+-------+-------++-------
  Melee: War axe           |    66 |    76 |    14 ||   156
         Headbutt          |     8 |     6 |     4 ||    18
    Use: Scroll            |       |    17 |       ||    17
         Potion            |       |     3 |       ||     3
 Armour: Scale mail        |    38 |    55 |    12 ||   105
         Skin              |       |     5 |       ||     5
  Dodge: Dodged            |    32 |    41 |     5 ||    78
  Block: Buckler           |    12 |    12 |     1 ||    25

Table legend: (Time is in decaauts)
 A = Elapsed time spent in this place.
 B = Non-inter-level travel time spent in this place.
 C = Inter-level travel time spent in this place.
 D = Time resting spent in this place.
 E = Time spent auto-exploring this place.
 F = Levels seen in this place.
 G = Mean time per level.
                   A        B        C        D        E       F      G
               +--------+--------+--------+--------+--------+-----+--------+
         Total |   3499 |   3376 |    123 |    328 |   2531 |   6 |  583.2 |
       Dungeon |   3467 |   3374 |     93 |    328 |   2531 |   5 |  693.4 |
        Temple |     32 |      2 |     30 |      0 |      0 |   1 |   32.0 |
               +--------+--------+--------+--------+--------+-----+--------+

Top non-repeatable levels by time:
     D:2: 1195 daAuts
     D:3: 766 daAuts
     D:4: 688 daAuts
     D:1: 583 daAuts
     D:5: 233 daAuts
  Temple: 32 daAuts
